Map: Backwater LE

Players

Niya - Winner!

  • Race: Terran Terran
  • League: Diamond
  • Spawn Location: 5:00

axu

  • Race: Protoss Protoss
  • League: Platinum
  • Spawn Location: 11:00

VOD

Have the link to the VOD?

Description

Time

  • Played on: April 11, 2018, 2:49 p.m.
  • Length: 10:02
Show
View Real Time Build Order
Export as new Build Order

Niya Terran - Winner!

Build Orders: MMM Bio 

Get SALT Encoding   

  12  0:01  SCV  
  13  0:13  SCV  
  14  0:22  Supply Depot  
  14  0:25  SCV  
  15  0:44  SCV  
  15  0:46  Barracks  
  16  0:56  SCV  
  17  1:00  Refinery  
  17  1:08  SCV  
  18  1:20  SCV  
  19  1:33  Orbital Command, Marine  
  20  1:48  Command Center  
  20  1:52  Reaper  
  21  2:03  SCV  
  22  2:08  Refinery  
  22  2:14  Supply Depot  
  22  2:15  SCV  
  23  2:35  Reaper  
  24  2:41  SCV  
  24  2:42  Command Center  
  25  2:47  Factory  
  25  3:03  SCV  
  26  3:15  SCV  
  26  3:17  Barracks Reactor  
  26  3:19  Orbital Command  
  27  3:28  SCV  
  27  3:30  Barracks  
  27  3:31  Barracks  
  28  3:40  Starport  
  28  3:43  SCV  
  29  3:58  SCV x2  
  29  3:59  Bunker  
  29  4:02  Orbital Command  
  31  4:10  SCV x2  
  33  4:21  Starport Reactor  
  33  4:22  SCV  
  33  4:23  SCV  
  35  4:27  Marine x2, Factory Tech Lab  
  35  4:29  SCV  
  35  4:30  Barracks Reactor  
  38  4:31  Barracks Tech Lab  
  38  4:34  SCV  
  39  4:38  Refinery  
  39  4:39  SCV  
  39  4:41  SCV  
  41  4:46  SCV  
  41  4:48  Marine x2  
  41  4:50  Siege Tank  
  41  4:52  SCV  
  48  4:53  SCV  
  48  4:57  Engineering Bay  
  48  4:58  Medivac x2, SCV  
  54  5:04  SCV  
  54  5:05  SCV  
  56  5:14  SCV  
  56  5:16  SCV  
  56  5:17  Supply Depot  
  57  5:22  SCV  
  57  5:24  Marine x3  
  57  5:25  Stimpack  
  61  5:31  Orbital Command  
  61  5:32  Supply Depot  
  61  5:38  Marine, SCV  
  61  5:39  Marauder, Refinery  
  65  5:48  Marine x3  
  68  5:53  Medivac x2, Siege Tank  
  68  5:56  Marine  
  76  5:58  Terran Infantry Weapons Level 1  
  76  5:59  Barracks  
  76  6:03  Barracks  
  76  6:06  Supply Depot x2  
  76  6:08  SCV  
  77  6:27  Medivac x2, Marine x4, SCV x2  
  77  6:28  Marauder  
  87  6:47  SCV x3  
  86  6:48  Marine x3  
  86  6:49  Marauder, Barracks Tech Lab  
  86  6:51  Barracks Tech Lab  
  92  6:55  Supply Depot  
  92  6:58  Armory, Supply Depot  
  92  7:00  Engineering Bay  
  92  7:02  Engineering Bay, Missile Turret  
  92  7:11  Marauder  
  91  7:16  SCV x2  
  91  7:17  SCV  
  91  7:21  Marauder x2, Marine x4  
  102  7:28  SCV x2  
  102  7:29  SCV  
  100  7:33  Marauder  
  97  7:39  Marine x3  
  97  7:40  SCV  
  97  7:41  Concussive Shells, SCV  
  97  7:42  Combat Shields  
  102  7:48  SCV  
  101  7:53  SCV x2  
  103  8:00  SCV  
  100  8:13  SCV x3  
  103  8:25  SCV x2  
  103  8:26  SCV  
  105  8:28  Refinery  
  105  8:31  Refinery  
  101  8:37  SCV  
  101  8:48  Marauder x3  
  101  8:49  Marine  
  101  8:50  Marine x3  
  101  8:51  Siege Tank  
  103  9:03  Command Center  
  103  9:07  Marine  
  103  9:08  Marine x3  
  109  9:10  Marauder  
  109  9:24  Marauder x2, Medivac x2, Supply Depot  
  117  9:26  Supply Depot  
  117  9:32  Marauder, Marine x3  
  125  9:43  Marine  
Show
View Real Time Build Order
Export as new Build Order

axu Protoss 

Build Orders: 1 Gate Expand 

Get SALT Encoding   

  12  0:00  Probe  
  13  0:14  Probe  
  13  0:18  Pylon  
  14  0:30  Probe  
  15  0:40  Gateway  
  15  0:42  Probe  
  16  0:48  Assimilator  
  16  0:54  Probe (Chrono Boost)  
  17  1:03  Probe (Chrono Boost)  
  18  1:08  Probe (Chrono Boost)  
  19  1:20  Probe  
  20  1:33  Nexus  
  20  1:40  Cybernetics Core  
  20  1:45  Assimilator  
  20  1:47  Probe  
  21  1:59  Probe  
  22  2:05  Pylon  
  22  2:11  Probe  
  23  2:23  Probe  
  23  2:29  Warp Gate  
  24  2:36  Probe (Chrono Boost)  
  25  2:38  Adept, Pylon  
  27  2:45  Probe (Chrono Boost)  
  27  2:48  Probe (Chrono Boost)  
  29  2:55  Probe (Chrono Boost)  
  27  3:18  Probe  
  27  3:19  Stalker (Chrono Boost), Probe  
  31  3:31  Probe  
  31  3:32  Gateway  
  31  3:34  Gateway  
  32  3:38  Probe  
  33  3:42  Stalker (Chrono Boost)  
  33  3:43  Probe  
  36  3:52  Twilight Council  
  36  4:06  Pylon  
  36  4:09  Stalker (Chrono Boost)  
  36  4:15  Pylon  
  38  4:28  Gateway, Blink (Chrono Boost)  
  38  4:36  Probe x2  
  40  4:48  Probe x2  
  40  4:49  Robotics Facility  
  42  5:00  Assimilator, Probe x2  
  42  5:02  Stalker x2  
  42  5:05  Assimilator  
  48  5:12  Gateway  
  48  5:15  Gateway  
  48  5:16  Shield Battery  
  48  5:24  Probe x2  
  50  5:36  Observer, Probe x2  
  53  5:44  Stalker  
  53  5:45  Stalker x3  
  53  5:48  Probe x2  
  63  5:51  Pylon  
  63  5:53  Pylon  
  63  6:13  Probe x2  
  63  6:16  Immortal  
  69  6:25  Probe x2  
  69  6:32  Stalker x3  
  73  6:37  Probe  
  73  6:38  Probe  
  73  6:47  Zealot x2  
  73  6:48  Zealot, Charge (Chrono Boost)  
  73  6:53  Forge  
  73  6:54  Forge  
  69  7:52  Zealot x2  
  69  7:53  Zealot x4  
  60  8:19  Stalker x4, Templar Archives  
  68  8:20  Stalker x2  
  54  8:49  Stalker x4  
  54  8:50  Stalker x2  
  66  9:11  Gateway  
  66  9:12  Gateway  
  66  9:14  Gateway, High Templar x2  
  66  9:15  Gateway, High Templar x4  
  78  9:17  Gateway  
  78  9:20  Nexus  
  78  9:23  Assimilator  
  78  9:26  Assimilator  
  78  9:28  Pylon  
  78  9:29  Observer  
  78  9:31  Pylon  
  79  9:33  Pylon  
  79  9:37  Probe  
  76  9:49  Archon x2  
  63  9:57  Zealot x4  
  63  9:58  Zealot x2  
Tags
 
Composition
MMM Bio
Matchup
PvT
Spawn Locations
Cross Positions
Add a new tag
Caveats
  • Supply blocks, unpowered buildings, or Contaminate may cause inaccurate times.
  • Supply counts are checked every 10 seconds.